 Dungeon Crawl Stone Soup version 0.21-a0-460-g737a915 (webtiles) character file.

24061 xnavy the Impaler (level 13, -9/96 HPs)
             Began as a Merfolk Gladiator on Nov 19, 2017.
             Was a Believer of Fedhas.
             Mangled by a komodo dragon (70 damage)
             ... on level 4 of the Lair of Beasts on Nov 20, 2017.
             The game lasted 01:30:16 (14290 turns).

xnavy the Impaler (Merfolk Gladiator)              Turns: 14290, Time: 01:30:17

Health: -9/96      AC: 11    Str: 16    XL:     13   Next: 10%
Magic:  20/23      EV: 19    Int: 10    God:    Fedhas [**....]
Gold:   524        SH:  0    Dex: 16    Spells: 11/20 levels left

rFire    + + .     SeeInvis +   a - +0 halberd
rCold    x . .     Gourm    .   (shield currently unavailable)
rNeg     . . .     Faith    .   N - +1 ring mail {rF+}
rPois    .         Spirit   .   L - +1 hat {SInv}
rElec    .         Reflect  .   B - +1 cloak
rCorr    .         Harm     .   o - +0 pair of gloves
MR       .....                  r - +0 pair of boots
Stlth    +.........             (no amulet)
HPRegen  0.26/turn              n - +3 ring of evasion
MPRegen  0.18/turn              F - ring of fire {rF+, rC-}

@: sleeping
A: change form in water, swift swim, stealthy swim
a: Fungal Bloom, Evolution, Sunlight, Renounce Religion


You were on level 4 of the Lair of Beasts.
You worshipped Fedhas.
Fedhas was pleased with you.
You were very hungry.

You visited 2 branches of the dungeon, and saw 14 of its levels.
You also visited: Volcano.

You collected 765 gold pieces.
You spent 241 gold pieces at shops.

Inventory:

Hand Weapons
 a - a +0 halberd (weapon)
   (You took it off a gnoll on level 6 of the Dungeon)
 b - a +4 fustibalus of flaming
   (You found it in a volcano)
 k - a +1 trident
Missiles
 d - 4 throwing nets {=f, !d}
 g - 356 stones (quivered)
 z - 12 javelins
 Q - 20 sling bullets
Armour
 o - a +0 pair of gloves (worn)
   (You found it on level 2 of the Dungeon)
 r - a +0 pair of boots (worn)
   (You found it on level 2 of the Dungeon)
 B - a +1 cloak (worn)
   (You found it on level 5 of the Dungeon)
 E - a +1 leather armour of cold resistance
   (You took it off an orc on level 10 of the Dungeon)
 L - a +1 hat of see invisible (worn)
   (You took it off Gastronok on level 3 of the Lair of Beasts)
 N - a +1 ring mail of fire resistance (worn)
   (You found it in a volcano)
 P - a +2 leather armour of fire resistance
   (You found it in a volcano)
 T - a +1 ring mail of cold resistance
   (You took it off Urug on level 3 of the Lair of Beasts)
Jewellery
 n - a +3 ring of evasion (left hand)
   (You found it on level 1 of the Dungeon)
 x - an uncursed ring of flight {+Fly, !d}
   (You found it on level 9 of the Dungeon)
 y - an uncursed ring of ice {rC+, rF-}
   (You took it off a spriggan on level 1 of the Lair of Beasts)
 A - a +5 ring of intelligence
   (You found it on level 9 of the Dungeon)
 F - a ring of fire (right hand) {rF+, rC-}
   (You found it on level 7 of the Dungeon)
Wands
 i - a wand of lightning (1)
   (You found it on level 5 of the Dungeon)
 D - a wand of paralysis (17)
   (You found it on level 7 of the Dungeon)
 G - a wand of disintegration (9)
   (You found it on level 7 of the Dungeon)
 K - a wand of polymorph (9)
   (You found it on level 10 of the Dungeon)
 O - a wand of flame (31)
   (You found it on level 8 of the Dungeon)
Scrolls
 c - a scroll of enchant armour
 q - 2 scrolls of fog
 t - 3 scrolls of recharging
 u - 6 scrolls of remove curse
 J - 3 scrolls of teleportation
 S - a scroll of identify
Potions
 e - 4 potions of curing
 j - 2 potions of haste
 l - a potion of might
 m - 2 potions of heal wounds
 s - a potion of berserk rage {!q}
 v - a potion of resistance
 w - 3 potions of cancellation
 C - 2 potions of invisibility
 I - 3 potions of brilliance
 M - 2 potions of agility
 R - 3 potions of lignification {unknown}
Miscellaneous
 H - a phantom mirror
Comestibles
 f - 16 bread rations {@e1}
 h - 8 royal jellies
 p - 29 fruits {!e}
 U - 2 meat rations {@e2}


   Skills:
 - Level 7.0 Fighting
 - Level 16.0 Polearms
 - Level 2.0 Throwing
 - Level 8.9 Dodging
 - Level 4.0 Spellcasting
 - Level 10.0 Charms
 * Level 13.5 Invocations


You had 11 spell levels left.
You knew the following spells:

 Your Spells              Type           Power        Failure   Level  Hunger
a - Shroud of Golubria    Chrm/Tloc      ##........   10%         2    ##.....
b - Infusion              Chrm           ###.         1%          1    #......
r - Regeneration          Chrm/Necr      ##........   19%         3    ###....
z - Spectral Weapon       Hex/Chrm       ##......     19%         3    ###....


Dungeon Overview and Level Annotations

Branches:
Dungeon (10/15)            Temple (0/1) D:6            Lair (4/6) D:8
 Shoals (0/4) Lair:4          Orc (0/2) D:10
  Snake: Lair:2-4    Spider: Lair:2-4

Altars:
Dithmenos
Elyvilon
Fedhas
Qazlal
Trog
Uskayaw
Vehumet
Wu Jian
Xom
Yredelemnul
Zin

Shops:
D:5 *   D:7 %   D:10 %

Annotations:
D:4 CanOfBees's ghost, novice GrFi


Message History

Can't find anything matching that.
Okay, then.
You swap places.
You now have 524 gold pieces (gained 18).
You are feeling very hungry.
A porcupine comes into view.
You draw out your weapon's spirit!
You now have 20/23 mp.
Aim: a porcupine You throw a stone.
The stone hits the porcupine.
Aim: a porcupine (lightly wounded)
You throw a stone.
The stone completely misses the porcupine.
Attack whom?
Aim: a porcupine (lightly wounded)
You reach to attack!
You slash the porcupine!
You kill the porcupine!
You may need something to eat soon, looking for food.
Can't find anything matching that.
Okay, then.
g - 355 stones (gained 1)
g - 356 stones (gained 1)
Your spectral weapon fades away.
U - 2 meat rations {@e2} (gained 1)
c - a scroll of enchant armour MP restored: 23 You swap places.
f - 16 bread rations {@e1} (gained 1)
A bullfrog and a centaur come into view.
The centaur shouts!
The bullfrog croaks.
The centaur wields a shortbow.
The centaur shoots an arrow.
The arrow closely misses you.
You hear a bleat!
A centaur comes into view.
Select plant or fungus to evolve.
Aim: a plant (peaceful, can evolve into an oklob plant)
The floor.
The plant can now spit acid rather quickly.
A piece of fruit is consumed!
The centaur shouts!
The centaur hits the plant.
You now have 21/23 mp.
The centaur hits the plant but does no damage.
The centaur hits the plant.
Found a staircase to the Shoals.
You hit the bullfrog.
The centaur hits the plant.
The bullfrog closely misses you.
A dream sheep comes into view.
You closely miss the bullfrog.
The centaur shoots an arrow.
The arrow misses you.
The dream sheep ruffles its wool and motes of dream dust sparkle, to no effect.
Your oklob plant spits acid at the centaur.
The splash of acid hits the centaur.
The centaur is splashed with acid.
The centaur dies!
The bullfrog misses you.
You barely miss the bullfrog.
The centaur wields a shortbow.
The centaur shoots an arrow.
The arrow closely misses you. The bullfrog completely misses you.
The dream sheep ruffles its wool and motes of dream dust sparkle, to no effect.
You closely miss the bullfrog. The bullfrog misses you.
The centaur shoots an arrow.
The arrow barely misses you.
You impale the bullfrog!!
You kill the bullfrog!
The dream sheep ruffles its wool and motes of dream dust sparkle, to no effect.
A komodo dragon and a dream sheep come into view.
The centaur shoots an arrow.
The arrow hits you.
You see here an arrow.
You take 4 damage, and have 92/96 hp.
The centaur shoots an arrow.
The arrow closely misses you.
Your oklob plant spits acid at the centaur.
The splash of acid hits the komodo dragon.
The komodo dragon is splashed with acid.
The acid corrodes the komodo dragon!
The centaur shoots an arrow.
The arrow hits you! 2 dream sheep come into view.
Things that are here:
a shortbow; 12 arrows You take 6 damage, and have 86/96 hp.
The dream sheep bites the plant.
The centaur unwields an uncursed shortbow.
The centaur barely misses you.
Your oklob plant spits acid at the centaur.
The splash of acid hits the centaur.
The centaur is splashed with acid.
You catch the helpless centaur completely off-guard!
You slice the centaur!!
You kill the centaur!
The dream sheep bites the plant but does no damage.
Your oklob plant spits acid at the dream sheep.
The splash of acid hits the dream sheep.
The dream sheep is splashed with acid.
The acid corrodes the dream sheep!
You impale the komodo dragon!! The komodo dragon bites you!!
You take 25 damage, and have 61/96 hp.
MASSIVE DAMAGE!!
You draw out your weapon's spirit!
The dream sheep shake their wool and sparkle.
You feel drowsy...
You fall asleep.
The komodo dragon bites you!!!
Ouch! That really hurt!
You die...
Fedhas appreciates your contribution to the ecosystem.

#.......#...(# ..
..##....ffff#..##
.P#P.....ff#.(.###
..........(.(.....
..................
.................?
..P/.....($.......
......Y.).....#...
...P..P@......###.
..$.Y(l....P..#
.P....PP.P......
......YP.P......P
...P..Y........##
.P.PP.........#.
..P....P....P.#
...P..P......P.


You could see a komodo dragon, 4 dream sheep, a friendly oklob plant, 6 friendly
wandering mushrooms and a friendly spectral halberd.

Vanquished Creatures
  Gastronok (Lair:3)
  2 hydras
  A two-headed ogre (D:9)
  A dancing weapon (Volcano)
  2 death yaks (D:8)
  Urug (Lair:3)
  5 wizards (Volcano)
  2 wandering mushrooms (D:8)
  4 toenail golems (Volcano)
  An elephant (Lair:1)
  A black mamba (Lair:3)
  3 spiny frogs
  A komodo dragon (Lair:3)
  Grinder (D:3)
  A hornet (D:10)
  5 hippogriffs
  4 blink frogs
  A spriggan (Lair:1)
  11 yaks
  A wraith (D:10)
  A basilisk (Lair:3)
  5 water moccasins
  6 porcupines
  An orc warrior (D:10)
  A sky beast (D:7)
  2 ice beasts (D:9)
  5 wolves (Lair:2)
  2 ogres
  A phantom (D:5)
  6 centaurs
  6 crocodiles
  4 bullfrogs
  A water moccasin skeleton (D:5)
  4 scorpions
  2 killer bees (D:9)
  2 wights (D:8)
  A howler monkey (D:6)
  4 crimson imps
  3 bullfrog skeletons
  A hound (D:7)
  A jelly (D:3)
  An orc priest (D:6)
  3 iguanas
  An orc wizard (D:10)
  A hell rat (D:8)
  7 worker ants
  A hound skeleton (D:5)
  4 gnolls (D:6)
  2 river rats (D:8)
  16 adders
  3 shadow imps
  2 oozes
  An adder skeleton (D:7)
  5 worms (D:2)
  2 dart slugs
  8 leopard geckos
  20 orcs
  A ball python (D:2)
  10 bats
  2 giant cockroaches
  6 goblins
  7 hobgoblins
  2 jackals (D:5)
  11 kobolds
  5 quokkas
  A frilled lizard (D:2)
  2 leopard gecko skeletons
  2 quokka skeletons
  8 rats
242 creatures vanquished.

Vanquished Creatures (collateral kills)
  The ghost of Foxy the Impaler, a journeyman MfGl of Hepliaklqana (Lair:2)
  The ghost of felt the Quickloader, a novice DDHu of Okawaru (D:9)
  A two-headed ogre (D:8)
  A death yak (D:8)
  A lindwurm (Lair:3)
  Maurice (D:8)
  A toenail golem (Volcano)
  A komodo dragon (Lair:2)
  4 blink frogs
  A hippogriff (Lair:2)
  A spriggan (Lair:1)
  2 wyverns
  Edmund (D:5)
  5 water moccasins
  3 porcupines
  An orc warrior (D:9)
  An ice beast (D:10)
  2 sky beasts
  2 black bears (D:8)
  2 ogres
  A phantom (D:8)
  4 centaurs
  6 crocodiles
  3 bullfrogs
  2 scorpions
  4 killer bees (D:9)
  2 wights (D:8)
  A howler monkey (D:8)
  A hound (D:5)
  A bullfrog skeleton (D:5)
  An iguana (D:9)
  An orc wizard (D:10)
  A hell rat (D:8)
  2 worker ants (D:7)
  An adder (D:5)
  2 adder skeletons (D:6)
  An orc (D:10)
  A giant cockroach (D:6)
  A jackal (D:5)
  A quokka (D:7)
  A leopard gecko skeleton (D:8)
  3 butterflies
74 creatures vanquished.

Vanquished Creatures (others)
  13 wandering mushrooms
  2 fungi (Lair:3)
  5 plants
  6 spectral weapons
  166 toadstools
192 creatures vanquished.

Grand Total: 508 creatures vanquished

Notes
Turn   | Place    | Note
-------+----------+-------------------------------------------
     0 | D:1      | xnavy the Merfolk Gladiator began the quest for the Orb.
     0 | D:1      | Reached XP level 1. HP: 16/16 MP: 1/1
   237 | D:1      | Reached XP level 2. HP: 23/23 MP: 2/2
   254 | D:1      | Reached skill level 5 in Polearms
   345 | D:1      | Reached XP level 3. HP: 28/28 MP: 3/3
   991 | D:2      | Noticed a bullfrog
  1007 | D:2      | Killed a bullfrog
  1007 | D:2      | Reached skill level 3 in Fighting
  1007 | D:2      | Reached skill level 6 in Polearms
  1007 | D:2      | Reached skill level 5 in Dodging
  1007 | D:2      | Reached XP level 4. HP: 16/35 MP: 4/4
  1030 | D:2      | Reached XP level 5. HP: 22/41 MP: 5/5
  1402 | D:2      | Found a white marble altar of Elyvilon.
  1901 | D:3      | Found a hide-covered altar of Uskayaw.
  1978 | D:3      | Reached skill level 7 in Polearms
  2223 | D:3      | Reached XP level 6. HP: 18/48 MP: 6/6
  2232 | D:3      | HP: 12/48 [poisoned by a scorpion]
  2237 | D:3      | HP: 11/48 [poisoned by a scorpion]
  2244 | D:3      | HP: 10/48 [poisoned by a scorpion]
  2252 | D:3      | HP: 10/48 [poisoned by a scorpion]
  2598 | D:3      | Found a blossoming altar of Fedhas.
  2604 | D:3      | Became a worshipper of Fedhas Madash
  2725 | D:3      | Reached skill level 4 in Fighting
  2857 | D:3      | Noticed Grinder
  2867 | D:3      | Paralysed by Grinder for 4 turns
  2875 | D:3      | Killed Grinder
  2875 | D:3      | Reached skill level 8 in Polearms
  2875 | D:3      | Reached skill level 6 in Dodging
  2875 | D:3      | Reached XP level 7. HP: 22/55 MP: 7/7
  3345 | D:4      | Found a bloodstained altar of Trog.
  3405 | D:3      | Reached skill level 9 in Polearms
  3772 | D:4      | Noticed CanOfBees's ghost (novice GrFi)
  3785 | D:5      | Entered Level 5 of the Dungeon
  3949 | D:5      | Reached skill level 5 in Fighting
  4029 | D:5      | Reached XP level 8. HP: 62/62 MP: 8/8
  4032 | D:5      | Reached * piety under Fedhas
  4228 | D:5      | Reached skill level 10 in Polearms
  4228 | D:5      | Reached skill level 7 in Dodging
  4618 | D:5      | Reached skill level 1 in Invocations
  4659 | D:5      | Found Zin's Purification Station.
  4664 | D:5      | Found a glowing silver altar of Zin.
  4754 | D:5      | Noticed Edmund
  4765 | D:5      | Killed Edmund
  4765 | D:5      | Reached skill level 2 in Invocations
  5274 | D:6      | Found a staircase to the Ecumenical Temple.
  5355 | D:6      | Reached skill level 11 in Polearms
  5519 | D:6      | Reached skill level 6 in Fighting
  5519 | D:6      | Reached skill level 3 in Invocations
  6356 | D:7      | Reached XP level 9. HP: 69/69 MP: 11/11
  6392 | D:7      | Reached skill level 8 in Dodging
  6419 | D:7      | Reached skill level 4 in Invocations
  6661 | D:7      | Found a basalt altar of Yredelemnul.
  7076 | D:7      | Found Detyicuw's Food Emporium.
  7079 | D:7      | Bought a royal jelly for 20 gold pieces
  7079 | D:7      | Bought a royal jelly for 20 gold pieces
  7079 | D:7      | Bought a royal jelly for 20 gold pieces
  7079 | D:7      | Bought a royal jelly for 20 gold pieces
  7129 | D:8      | Found a radiant altar of Vehumet.
  7151 | D:8      | Reached skill level 12 in Polearms
  7158 | D:8      | Noticed a two-headed ogre
  7159 | D:8      | Reached skill level 5 in Invocations
  7168 | D:8      | Killed a two-headed ogre
  7208 | D:8      | Found an ornate altar of the Wu Jian Council.
  7222 | D:8      | Reached skill level 7 in Fighting
  7321 | D:8      | Learned a level 3 spell: Spectral Weapon
  7324 | D:8      | Learned a level 2 spell: Shroud of Golubria
  7328 | D:8      | Learned a level 3 spell: Regeneration
  7390 | D:8      | Noticed Maurice
  7394 | D:8      | Reached skill level 6 in Invocations
  7426 | D:8      | Reached skill level 1 in Charms
  7433 | D:8      | Reached XP level 10. HP: 71/79 MP: 14/14
  7444 | D:8      | Killed Maurice
  7444 | D:8      | Reached skill level 1 in Spellcasting
  7444 | D:8      | Reached skill level 2 in Charms
  7671 | D:8      | Found a shadowy altar of Dithmenos.
  7736 | D:8      | Found a stormy altar of Qazlal.
  7845 | D:8      | Found a staircase to the Lair.
  7845 | D:8      | Noticed a death yak
  7845 | D:8      | Noticed a death yak
  7845 | D:8      | Noticed a death yak
  7864 | D:8      | Killed a death yak
  7864 | D:8      | Reached skill level 13 in Polearms
  7864 | D:8      | Reached skill level 3 in Charms
  7864 | D:8      | Reached skill level 7 in Invocations
  7870 | D:8      | Killed a death yak
  7870 | D:8      | Reached skill level 2 in Spellcasting
  7885 | D:8      | Killed a death yak
  7885 | D:8      | Reached skill level 4 in Charms
  7940 | D:8      | Found a shimmering altar of Xom.
  8395 | D:9      | Noticed a two-headed ogre
  8407 | D:9      | Killed a two-headed ogre
  8407 | D:9      | Reached skill level 5 in Charms
  8407 | D:9      | Reached skill level 8 in Invocations
  8579 | D:9      | Reached skill level 3 in Spellcasting
  8662 | D:9      | Reached XP level 11. HP: 79/84 MP: 17/17
  8798 | D:9      | Reached skill level 6 in Charms
  8986 | D:9      | Noticed felt's ghost (novice DDHu)
  9038 | D:9      | HP: 19/84 [felt's ghost (6)]
  9041 | D:9      | Killed felt's ghost
  9430 | D:9      | Reached skill level 9 in Invocations
  9579 | D:10     | Entered Level 10 of the Dungeon
  9764 | D:10     | Found a staircase to the Orcish Mines.
 10159 | D:10     | Found Unwib's Food Shoppe.
 10184 | D:10     | Bought 2 fruits for 42 gold pieces
 10184 | D:10     | Bought 3 fruits for 63 gold pieces
 10184 | D:10     | Bought a royal jelly for 28 gold pieces
 10184 | D:10     | Bought a royal jelly for 28 gold pieces
 10569 | Lair:1   | Entered Level 1 of the Lair of Beasts
 10581 | Lair:1   | Learned a level 1 spell: Infusion
 10739 | Lair:1   | Noticed a five-headed hydra
 10748 | Lair:1   | Killed a five-headed hydra
 10748 | Lair:1   | Reached skill level 7 in Charms
 10751 | Lair:1   | Reached skill level 14 in Polearms
 10751 | Lair:1   | Reached skill level 4 in Spellcasting
 11630 | Lair:2   | Found a dark tunnel.
 11658 | Volcano  | Entered a volcano
 11664 | Volcano  | Noticed a wizard
 11669 | Volcano  | Noticed a wizard
 11670 | Volcano  | Noticed a wizard
 11672 | Volcano  | Killed a wizard
 11685 | Volcano  | Killed a wizard
 11685 | Volcano  | Reached skill level 8 in Charms
 11685 | Volcano  | Reached skill level 10 in Invocations
 11700 | Volcano  | Killed a wizard
 11791 | Volcano  | Noticed a wizard
 11792 | Volcano  | Noticed a wizard
 11796 | Volcano  | Killed a wizard
 11821 | Volcano  | Killed a wizard
 11821 | Volcano  | Reached XP level 12. HP: 78/91 MP: 10/19
 11971 | Volcano  | Reached skill level 9 in Charms
 11984 | Volcano  | Reached skill level 11 in Invocations
 12215 | Lair:2   | Noticed Foxy's ghost (journeyman MfGl)
 12226 | Lair:2   | Killed Foxy's ghost
 12406 | Lair:2   | Reached ** piety under Fedhas
 12721 | Lair:2   | Reached skill level 15 in Polearms
 12984 | Lair:2   | Reached skill level 10 in Charms
 13195 | Lair:3   | Noticed Gastronok
 13210 | Lair:3   | Killed Gastronok
 13210 | Lair:3   | Reached skill level 12 in Invocations
 13433 | Lair:3   | Noticed an eight-headed hydra
 13449 | Lair:3   | Killed an eight-headed hydra
 13601 | Lair:3   | Noticed Urug
 13607 | Lair:3   | Killed Urug
 13677 | Lair:3   | Reached XP level 13. HP: 96/96 MP: 14/22
 13680 | Lair:3   | Reached skill level 13 in Invocations
 13685 | Lair:3   | Upgraded the game from 0.21-a0-450-gd87a9b2 to 0.21-a0-460-g737a915
 13730 | Lair:3   | Reached skill level 16 in Polearms
 14279 | Lair:4   | Found a staircase to the Shoals.
 14290 | Lair:4   | Mangled by a komodo dragon

Vault maps used:
D:1:      dpeg_arrival_water_fire, minmay_pentomino_t2
D:2:      lemuel_doored_altar, first_bread, hangedman_decor_points
D:3:      fedhas_altar_4, old_standard_altar, uniq_grinder
D:4:      lemuel_round_altar, marbit_many_paths, gammafunk_temple_overflow_wave,
          minmay_door_square
D:5:      zin_purify, corexii_shack, uniq_edmund
D:6:      temple_doors_e, minivault_27
D:7:      nicolae_overflow_crystal_walls, serial_shops, nicolae_shop_stone,
          grunt_ogre_cave
D:8:      grunt_dithmenos_shadows, kennysheep_mini_moat, xom_butterflies,
          kennysheep_little_box, dpeg_lair_monsters, minmay_ruined_shrine,
          uniq_maurice
D:9:      hangedman_minor_gate_pass
D:10:     orc_0_dummy, serial_shops, kennysheep_mini, minmay_variable_closet
Lair:1:   wad_woods_02
Lair:2:   nicolae_volcano_entry_lava_flow, beast_lair_carwin_4,
          lemuel_fruit_fields, serial_bayou_shore_b, infiniplex_staircase_pool_2
Lair:3:   uniq_urug, uniq_gastronok
Lair:4:   minmay_shoals_entry_centaurs, guppyfry_snake_entry_garden,
          grunt_forest_large_clearing_hut, infiniplex_staircase_pool
Volcano:  volcano_bunker

Skill      XL: |  1  2  3  4  5  6  7  8  9 10 11 12 13 |
---------------+----------------------------------------+-----
Polearms       | 5 6 7 8 9 11 12 13 14 15 16 | 16.0
Fighting       | 3 4 5 6 7 |  7.0
Dodging        | 5 6 7 8 |  8.9
Invocations    | 3 6 8 10 12 13 | 13.5
Charms         | 1 5 8 10 | 10.0
Spellcasting   | 3 4 |  4.0
Throwing       | |  2.0

Action                   |  1- 3 |  4- 6 |  7- 9 | 10-12 | 13-15 || total
-------------------------+-------+-------+-------+-------+-------++-------
Melee: Trident           |    63 |   114 |   298 |    22 |       ||   497
       Halberd           |       |       |    97 |   439 |    59 ||   595
       Tailslap          |       |       |     1 |       |       ||     1
 Fire: Hunting sling     |    40 |    67 |    11 |     2 |       ||   120
       Fustibalus        |       |       |       |    14 |       ||    14
Throw: Stone             |     6 |     7 |   129 |   133 |    15 ||   290
 Cast: Spectral Weapon   |       |       |       |    29 |     2 ||    31
       Regeneration      |       |       |       |    16 |       ||    16
       Infusion          |       |       |       |     5 |       ||     5
Invok: Fungal Bloom      |       |     1 |    26 |    35 |     3 ||    65
       Evolution         |       |       |     7 |    14 |     3 ||    24
Evoke: Wand              |       |       |     1 |     3 |       ||     4
  Use: Scroll            |       |       |    15 |    11 |       ||    26
       Potion            |       |       |       |     2 |       ||     2
 Stab: Sleeping          |       |     1 |       |     1 |       ||     2
       Confused          |       |       |     4 |     6 |     5 ||    15
       Distracted        |       |       |     1 |     5 |     1 ||     7
  Eat: Chunk             |       |     4 |    13 |    10 |     1 ||    28
       Royal jelly       |       |     1 |     1 |     5 |       ||     7
       Meat ration       |       |       |       |     1 |       ||     1
Armor: Leather armour    |    13 |     6 |       |    15 |       ||    34
       Ring mail         |       |       |    53 |    24 |     2 ||    79
       Robe              |       |       |       |     5 |       ||     5
Dodge: Dodged            |    45 |    56 |   205 |   197 |    28 ||   531

Table legend:
 A = Spawn XP
 B = Non-spawn XP
 C = Spawn XP percentage of total XP
 D = Spawn monster count
 E = Non-spawn monster count
 F = Spawn count percentage of total count
 G = Total turns spent on level
                    A         B        C        D         E        F      G
               +---------+---------+-------+---------+---------+-------+---------
         Total |       0 |   34374 |   0.0 |       0 |     311 |   0.0 | 14290
               +---------+---------+-------+---------+---------+-------+---------
           D:1 |       0 |      48 |   0.0 |       0 |      22 |   0.0 |   783
           D:2 |       0 |     186 |   0.0 |       0 |      27 |   0.0 |  1061
           D:3 |       0 |     595 |   0.0 |       0 |      20 |   0.0 |  1558
           D:4 |       0 |      61 |   0.0 |       0 |       7 |   0.0 |   383
           D:5 |       0 |     926 |   0.0 |       0 |      28 |   0.0 |  1372
           D:6 |       0 |     510 |   0.0 |       0 |      24 |   0.0 |  1197
           D:7 |       0 |     820 |   0.0 |       0 |      14 |   0.0 |   767
           D:8 |       0 |    4127 |   0.0 |       0 |      32 |   0.0 |  1343
           D:9 |       0 |    3814 |   0.0 |       0 |      31 |   0.0 |  1255
          D:10 |       0 |    1044 |   0.0 |       0 |      20 |   0.0 |   919
        Lair:1 |       0 |    2293 |   0.0 |       0 |      10 |   0.0 |   975
        Lair:2 |       0 |    4155 |   0.0 |       0 |      29 |   0.0 |  1049
        Lair:3 |       0 |    8948 |   0.0 |       0 |      31 |   0.0 |   866
        Lair:4 |       0 |     469 |   0.0 |       0 |       5 |   0.0 |   229
       Volcano |       0 |    6378 |   0.0 |       0 |      11 |   0.0 |   533
               +---------+---------+-------+---------+---------+-------+---------

Vault maps used:
D:1:      dpeg_arrival_water_fire, minmay_pentomino_t2
D:2:      lemuel_doored_altar, first_bread, hangedman_decor_points
D:3:      fedhas_altar_4, old_standard_altar, uniq_grinder
D:4:      lemuel_round_altar, marbit_many_paths, gammafunk_temple_overflow_wave,
          minmay_door_square
D:5:      zin_purify, corexii_shack, uniq_edmund
D:6:      temple_doors_e, minivault_27
D:7:      nicolae_overflow_crystal_walls, serial_shops, nicolae_shop_stone,
          grunt_ogre_cave
D:8:      grunt_dithmenos_shadows, kennysheep_mini_moat, xom_butterflies,
          kennysheep_little_box, dpeg_lair_monsters, minmay_ruined_shrine,
          uniq_maurice
D:9:      hangedman_minor_gate_pass
D:10:     orc_0_dummy, serial_shops, kennysheep_mini, minmay_variable_closet
Lair:1:   wad_woods_02
Lair:2:   nicolae_volcano_entry_lava_flow, beast_lair_carwin_4,
          lemuel_fruit_fields, serial_bayou_shore_b, infiniplex_staircase_pool_2
Lair:3:   uniq_urug, uniq_gastronok
Lair:4:   minmay_shoals_entry_centaurs, guppyfry_snake_entry_garden,
          grunt_forest_large_clearing_hut, infiniplex_staircase_pool
Volcano:  volcano_bunker

Table legend:
 A = Turns spent in this place as a percentage of turns spent in the entire game.
 B = Non-inter-level travel turns spent in this place as a percentage of non-inter-level travel turns spent in the entire game.
 C = Inter-level travel turns spent in this place as a percentage of turns spent in this place.
 D = Turns resting spent in this place as a percentage of non-inter-level travel turns spent in this place.
 E = Turns spent auto-exploring this place as a percentage of non-inter-level travel turns spent in this place.
 F = Non-inter-level travel turns spent in this place divided by the number of levels of this place that you've seen.
                   A       B       C       D       E      F
               +-------+-------+-------+-------+-------+----------------------
         Total | 100.0 | 100.0 |   3.4 |  14.0 |  56.7 | 920.4
       Dungeon |  74.4 |  74.0 |   3.9 |  16.2 |  57.6 | 1022.0
          Lair |  21.8 |  22.1 |   2.1 |   7.7 |  57.2 | 763.2
       Volcano |   3.7 |   3.9 |   0.0 |   7.1 |  37.5 | 533.0
               +-------+-------+-------+-------+-------+----------------------

Table legend:
 A = Kills in this place as a percentage of kills in entire the game.
 B = Kills by you in this place as a percentage of kills by you in the entire game.
 C = Kills by friends in this place as a percentage of kills by friends in the entire game.
 D = Other kills in this place as a percentage of other kills in the entire game.
 E = Experience gained in this place as a percentage of experience gained in the entire game.
 F = Experience gained in this place divided by the number of levels of this place that you have seen.
                   A       B       C       D       E      F
               +-------+-------+-------+-------+-------+----------------------
         Total | 100.0 | 100.0 | 100.0 | 100.0 | 100.0 | 2291.6
       Dungeon |  72.3 |  75.7 |  62.0 |   0.0 |  35.3 | 1213.1
          Lair |  24.1 |  20.1 |  36.6 | 100.0 |  46.2 | 3966.2
       Volcano |   3.5 |   4.2 |   1.4 |   0.0 |  18.6 | 6378.0
               +-------+-------+-------+-------+-------+----------------------
